Map: Cyber Forest LE

Players

HelloThere

  • Race: Terran Terran
  • League: Master
  • Spawn Location: 11:00

Mez - Winner!

  • Race: Terran Terran
  • League: Master
  • Spawn Location: 5:00

VOD

Have the link to the VOD?

Description

Time

  • Played on: Aug. 11, 2019, 3:20 p.m.
  • Length: 12:56
Show
View Real Time Build Order
Export as new Build Order

HelloThere Terran 

Build Orders:  

Get SALT Encoding   

  12  0:00  SCV  
  13  0:13  SCV  
  14  0:17  Supply Depot  
  14  0:25  SCV  
  15  0:29  Refinery  
  15  0:39  SCV  
  16  0:45  Barracks  
  16  0:51  SCV  
  16  0:56  Refinery  
  17  1:03  SCV  
  18  1:15  SCV  
  19  1:32  Orbital Command  
  19  1:35  Factory  
  19  1:39  Reaper  
  20  1:54  Supply Depot  
  20  1:58  SCV  
  21  2:10  SCV  
  21  2:11  Reaper  
  23  2:18  Hellion  
  23  2:22  SCV  
  25  2:36  SCV  
  26  2:39  Command Center  
  26  2:43  Hellion  
  28  2:46  Reaper  
  29  2:51  Supply Depot  
  29  2:53  SCV  
  30  3:05  SCV  
  30  3:07  Factory Tech Lab  
  30  3:09  Starport  
  31  3:18  SCV  
  31  3:19  Barracks Tech Lab  
  32  3:27  Cyclone, Refinery  
  32  3:30  SCV  
  36  3:42  SCV  
  37  3:52  Orbital Command  
  37  3:54  Raven  
  37  3:55  Barracks Reactor  
  39  3:58  SCV  
  40  4:10  SCV  
  41  4:17  Supply Depot  
  41  4:20  SCV  
  41  4:22  Siege Tank, SCV  
  45  4:31  Marine x2  
  46  4:32  SCV  
  46  4:37  Raven, SCV  
  51  4:40  Command Center  
  51  4:45  Supply Depot  
  51  4:47  SCV  
  51  4:50  SCV, Marine x2  
  55  4:56  Siege Tank  
  55  4:59  SCV  
  59  5:03  SCV  
  60  5:09  Supply Depot  
  60  5:11  SCV, Marine, Supply Depot  
  60  5:12  Marine  
  63  5:15  SCV  
  63  5:21  Raven  
  66  5:23  SCV  
  66  5:27  SCV  
  68  5:29  Refinery  
  68  5:40  SCV  
  68  5:45  SCV  
  69  5:51  Siege Tank  
  69  5:52  SCV  
  69  5:53  Orbital Command  
  73  5:59  SCV  
  74  6:07  SCV  
  75  6:14  SCV  
  76  6:20  Viking x2  
  76  6:21  Stimpack, Marine  
  76  6:23  Barracks x2  
  81  6:27  SCV  
  81  6:32  SCV  
  83  6:33  Orbital Command  
  83  6:34  Siege Tank  
  83  6:39  Engineering Bay  
  87  6:40  Engineering Bay  
  87  6:44  Marine  
  87  6:45  SCV  
  88  6:51  Viking  
  88  6:52  Viking  
  88  6:53  SCV  
  93  6:58  Supply Depot x2  
  93  7:00  SCV x2  
  95  7:05  SCV  
  96  7:11  Refinery  
  96  7:12  SCV x2  
  96  7:15  Refinery  
  98  7:18  Siege Tank  
  98  7:19  Barracks Reactor x2, SCV  
  102  7:24  SCV  
  102  7:26  Viking  
  102  7:28  Viking  
  107  7:31  SCV  
  107  7:33  Terran Infantry Weapons Level 1  
  107  7:34  Terran Infantry Armor Level 1  
  101  7:56  Siege Tank, Marine x4  
  104  7:59  SCV  
  104  8:00  SCV  
  104  8:03  Marine  
  104  8:04  SCV  
  108  8:07  Barracks, Supply Depot  
  108  8:08  Barracks  
  108  8:11  SCV  
  108  8:12  SCV  
  110  8:13  Marine  
  110  8:16  SCV  
  112  8:23  SCV  
  112  8:24  SCV  
  112  8:25  Viking  
  112  8:26  Combat Shield, Marine  
  117  8:28  Viking, SCV, Marine x2  
  117  8:32  Armory  
  121  8:35  SCV  
  116  8:43  SCV  
  116  8:45  Marine x3  
  116  8:46  Marine  
  116  8:47  SCV  
  122  8:51  Factory  
  122  8:53  Siege Tank, SCV  
  126  8:58  Supply Depot x2  
  126  9:00  Viking x2  
  126  9:02  Supply Depot  
  114  9:10  Marine x3  
  114  9:11  Barracks Reactor x2  
  114  9:12  Marine x2  
  114  9:13  SCV  
  120  9:27  Siege Tank  
  120  9:28  Marine x3  
  120  9:29  Terran Infantry Armor Level 2, Marine, Terran Infantry Weapons Level 2  
  120  9:30  Terran Vehicle Weapons Level 1  
  127  9:41  Command Center, Medivac x2, Factory Tech Lab  
  127  9:42  SCV  
  127  9:43  Marine  
  133  9:46  Marine  
  133  9:52  Marine x5  
  137  9:53  Marine x2  
  141  10:01  Marine  
  141  10:04  Siege Tank x2, Marine  
  149  10:08  Supply Depot  
  149  10:09  Supply Depot  
  149  10:10  Marine x4  
  153  10:15  Marine x3  
  153  10:16  Missile Turret  
  153  10:17  Missile Turret  
  153  10:20  Missile Turret  
  155  10:23  Viking x2, Marine  
  155  10:24  Marine  
  160  10:30  Marine  
  160  10:42  Marine  
  160  10:43  Marine x2  
  160  10:45  Marine  
  163  10:52  Fusion Core, Marine x2, Starport  
  163  10:53  Siege Tank x2  
  163  10:54  Starport  
  163  10:56  Viking x2  
  175  11:05  Marine  
  175  11:06  Marine x5  
  181  11:15  Marine  
  181  11:17  Liberator x2  
  182  11:20  Planetary Fortress  
  160  11:37  Marine x2  
  97  11:55  Starport Reactor, Marine x2, Starport Tech Lab  
  97  11:56  Marine  
  97  11:57  SCV  
  83  12:01  SCV  
  83  12:02  SCV  
  83  12:03  Marine  
  80  12:10  Marine x3  
  80  12:11  Siege Tank, Marine  
  78  12:17  SCV x3  
  81  12:24  Marine x3  
  81  12:27  Marine x2  
  81  12:28  Marine x2  
  80  12:36  Marine x2  
  67  12:38  SCV  
Show
View Real Time Build Order
Export as new Build Order

Mez Terran - Winner!

Build Orders: Reaper Expand 

Get SALT Encoding   

  12  0:01  SCV  
  13  0:13  SCV  
  14  0:18  Supply Depot  
  14  0:25  SCV  
  15  0:39  SCV  
  15  0:41  Barracks  
  16  0:46  Refinery  
  16  0:53  SCV  
  17  1:05  SCV  
  18  1:17  SCV  
  19  1:29  Reaper, Orbital Command  
  20  1:48  Command Center  
  20  1:54  Supply Depot  
  20  1:55  SCV  
  21  2:03  Barracks Reactor  
  21  2:06  Refinery  
  21  2:10  Bunker  
  21  2:13  SCV  
  22  2:25  SCV  
  23  2:33  Factory  
  23  2:38  SCV  
  23  2:41  Marine x2  
  26  2:50  SCV  
  27  3:00  Orbital Command  
  27  3:02  SCV  
  27  3:05  Marine x2  
  30  3:14  SCV  
  33  3:20  Hellion  
  33  3:21  Starport  
  33  3:26  SCV, Marine x2  
  33  3:27  Refinery  
  36  3:30  SCV  
  37  3:38  SCV  
  37  3:39  Supply Depot  
  38  3:42  SCV  
  38  3:43  Factory Tech Lab  
  39  3:50  SCV  
  39  3:54  SCV  
  41  3:56  Marine x2  
  41  3:57  Starport Tech Lab  
  44  4:02  SCV  
  44  4:05  Raven  
  46  4:10  SCV  
  46  4:12  Factory Tech Lab  
  46  4:14  Supply Depot  
  47  4:21  SCV, Command Center  
  47  4:22  SCV  
  49  4:29  Marine x2  
  49  4:30  Cyclone  
  54  4:36  SCV  
  54  4:37  Supply Depot  
  55  4:39  SCV  
  56  4:48  Raven  
  58  4:53  SCV x2  
  58  4:54  Barracks  
  58  4:55  Barracks  
  60  5:01  Marine x2  
  60  5:03  Supply Depot  
  60  5:06  SCV  
  63  5:09  Siege Tank  
  66  5:15  Refinery, SCV  
  66  5:18  SCV  
  66  5:21  Engineering Bay  
  68  5:24  Engineering Bay  
  68  5:27  SCV  
  69  5:28  Supply Depot  
  69  5:33  Marine x2  
  71  5:40  SCV  
  72  5:44  Siege Tank  
  72  5:45  Raven  
  72  5:46  Barracks Reactor x2  
  75  5:50  Terran Infantry Armor Level 1, Terran Infantry Weapons Level 1  
  75  5:53  Supply Depot  
  75  6:11  Marine x2  
  76  6:14  Orbital Command  
  76  6:24  Marine  
  75  6:33  Siege Tank  
  75  6:35  SCV x2  
  75  6:37  Marine x3  
  75  6:39  Barracks x2  
  83  6:41  Stimpack, Viking x2  
  83  6:44  Marine  
  83  6:45  Marine  
  89  6:47  SCV x2  
  89  6:49  Supply Depot  
  89  6:51  SCV  
  89  6:52  Supply Depot  
  92  6:54  Refinery  
  92  6:55  Marine  
  92  6:59  SCV x2  
  95  7:03  SCV, Marine x4  
  95  7:07  Siege Tank  
  103  7:11  Viking x2, SCV  
  103  7:14  SCV, Armory  
  110  7:15  SCV  
  110  7:20  Marine  
  110  7:21  Marine  
  111  7:24  SCV  
  111  7:26  SCV  
  113  7:30  SCV  
  113  7:36  SCV  
  106  7:55  Viking x2  
  106  7:56  Siege Tank  
  104  8:03  Barracks Reactor, Marine  
  104  8:05  Barracks Reactor  
  91  8:23  Marine x5  
  91  8:24  Terran Infantry Armor Level 2, Terran Infantry Weapons Level 2  
  91  8:25  Viking x2  
  100  8:28  Siege Tank  
  103  8:49  Marine x5  
  103  8:50  Marine x4  
  103  8:51  SCV x3  
  115  8:56  Combat Shield  
  115  8:57  Viking x2  
  119  9:08  Marine x5  
  119  9:09  Marine x4  
  116  9:11  SCV x2  
  116  9:14  Refinery  
  118  9:26  Marine x7  
  118  9:31  Missile Turret  
  125  9:32  Missile Turret  
  125  9:38  Factory  
  125  9:43  Siege Tank, Marine x2, Medivac x2  
  125  9:44  Marine x3, Supply Depot x2  
  137  9:54  Missile Turret  
  137  9:56  Missile Turret  
  137  9:57  Missile Turret  
  135  10:01  Missile Turret  
  135  10:09  Marine x7  
  142  10:15  Siege Tank  
  145  10:22  Terran Vehicle Weapons Level 1  
  145  10:24  Marine x2  
  145  10:25  Factory Tech Lab  
  147  10:38  Command Center  
  145  10:43  Marine x5  
  145  10:44  Siege Tank  
  150  11:01  Marine x8  
  150  11:02  Siege Tank  
  150  11:03  Medivac  
  163  11:10  Marine  
  164  11:18  Marine  
  164  11:19  Marine x3  
  164  11:20  Supply Depot  
  164  11:21  Supply Depot  
  149  11:42  Marine x9  
  149  11:43  Siege Tank x2  
  159  11:50  Planetary Fortress  
  153  12:00  Marine x8  
  144  12:12  Marine  
  140  12:17  Marine  
  140  12:18  Marine  
  140  12:21  Barracks x3  
  138  12:37  Marine  
  145  12:48  Missile Turret  
Tags
 
Add a new tag
Caveats
  • Supply blocks, unpowered buildings, or Contaminate may cause inaccurate times.
  • Supply counts are checked every 10 seconds.